Map: Ever Dream LE

Players

DPGCure (Cure)

  • Race: Terran Terran
  • League: Master
  • Spawn Location: 7:00

SpeCial - Winner!

  • Race: Terran Terran
  • League: Master
  • Spawn Location: 1:00

Event: Shopify TSL 5

VOD

Have the link to the VOD?

Description

Time

  • Played on: May 17, 2020, 12:30 p.m.
  • Length: 9:11

All games in this series

Show
View Real Time Build Order
Export as new Build Order

DPGCure Terran 

Build Orders:  

Get SALT Encoding   

  12  0:00  SCV  
  13  0:12  SCV  
  14  0:17  Supply Depot  
  14  0:24  SCV  
  14  0:27  Refinery  
  15  0:38  SCV  
  16  0:43  Barracks  
  16  0:50  SCV  
  16  0:53  Refinery  
  17  1:02  SCV  
  18  1:15  SCV  
  19  1:30  Orbital Command  
  19  1:31  Factory  
  19  1:35  Reaper  
  20  1:46  Supply Depot  
  20  1:55  SCV  
  21  2:07  SCV, Barracks Reactor  
  22  2:15  Hellion  
  24  2:20  SCV  
  25  2:29  Command Center  
  25  2:33  SCV  
  25  2:45  SCV  
  25  2:46  Reaper  
  25  2:47  Hellion, Reaper  
  25  2:50  Supply Depot  
  29  2:57  SCV  
  30  3:03  Starport  
  30  3:09  SCV, Factory Tech Lab  
  31  3:18  Marine x2  
  33  3:21  SCV  
  34  3:29  Cyclone  
  34  3:30  Refinery  
  34  3:33  SCV  
  38  3:42  Medivac  
  38  3:44  Marine x2  
  42  3:49  Orbital Command  
  42  3:52  SCV  
  42  4:02  Siege Tank, Marine x2  
  47  4:06  SCV  
  48  4:13  Starport Tech Lab  
  48  4:15  SCV  
  49  4:18  SCV  
  50  4:25  Marine x2  
  50  4:28  SCV  
  50  4:30  SCV  
  50  4:38  Raven, Siege Tank  
  51  4:44  Supply Depot  
  54  4:47  Supply Depot  
  54  5:06  SCV x2, Marine, Command Center  
  57  5:08  Supply Depot  
  57  5:18  SCV x2  
  57  5:19  Siege Tank  
  62  5:29  Viking x2  
  62  5:35  SCV x2  
  68  5:46  Marine  
  68  5:48  Supply Depot  
  68  5:49  SCV x2  
  71  5:51  Siege Tank  
  74  5:59  Viking, Refinery  
  74  6:00  Supply Depot  
  74  6:01  SCV x2  
  78  6:10  Marine  
  77  6:24  Viking  
  73  6:27  Marine  
  73  6:29  Siege Tank, Viking  
  73  6:30  SCV x2  
  78  6:37  Orbital Command  
  78  6:43  SCV x2  
  78  6:45  Marine  
  78  6:46  Stimpack  
  81  6:50  Barracks  
  81  6:52  Barracks  
  81  6:59  Viking x2  
  85  7:02  SCV x2, Orbital Command  
  85  7:03  Marine  
  85  7:07  Siege Tank  
  91  7:13  Supply Depot  
  91  7:14  SCV x2  
  93  7:21  Marine  
  94  7:27  SCV x2  
  94  7:28  SCV  
  96  7:38  Engineering Bay x2, Supply Depot  
  96  7:39  Siege Tank, Marine  
  100  7:44  SCV  
  100  7:45  SCV x2  
  100  7:48  Barracks Reactor x2  
  102  7:56  Marine, Medivac  
  102  7:57  Medivac  
  104  7:58  SCV x2  
  104  7:59  SCV  
  97  8:13  SCV x2  
  97  8:14  SCV, Marine  
  97  8:16  Siege Tank  
  88  8:36  Marine x5  
  79  8:49  SCV x3  
  79  8:52  Armory  
  79  8:53  Barracks  
  90  8:56  Barracks, Refinery x2  
  90  8:57  Sensor Tower  
Show
View Real Time Build Order
Export as new Build Order

SpeCial Terran - Winner!

Build Orders: Gas First Reaper Expand, Hellion Opening 

Get SALT Encoding   

  12  0:00  SCV  
  13  0:13  SCV  
  14  0:16  Supply Depot  
  14  0:25  SCV  
  15  0:29  Refinery  
  15  0:38  SCV  
  16  0:43  Barracks  
  16  0:50  SCV  
  17  1:02  SCV  
  18  1:14  SCV  
  19  1:30  Reaper  
  19  1:31  Orbital Command  
  20  1:40  Command Center  
  20  1:51  Factory  
  20  1:56  SCV  
  21  2:06  Barracks Reactor  
  21  2:08  SCV  
  21  2:12  Supply Depot  
  22  2:16  Refinery  
  22  2:20  SCV  
  23  2:34  SCV  
  23  2:44  Starport  
  23  2:46  SCV  
  24  2:52  Hellion x2  
  24  2:53  Orbital Command  
  28  2:58  SCV  
  28  2:59  Barracks Tech Lab  
  29  3:12  SCV  
  30  3:13  Hellion x2  
  30  3:18  SCV  
  35  3:21  Medivac  
  35  3:25  SCV  
  38  3:29  Supply Depot  
  38  3:31  SCV  
  39  3:35  Hellion x2  
  43  3:44  SCV x2  
  45  3:52  Supply Depot  
  45  3:56  SCV x2  
  45  3:59  Starport Tech Lab  
  47  4:04  Marine  
  47  4:05  Cyclone, Marine, Refinery  
  47  4:08  SCV x2  
  54  4:18  Raven  
  54  4:20  SCV  
  54  4:21  SCV  
  54  4:23  Marine x2  
  58  4:33  SCV x2  
  58  4:37  Siege Tank  
  60  4:41  Marine  
  60  4:43  Marine, Supply Depot  
  62  4:51  SCV x2  
  62  4:56  Command Center  
  62  5:00  Supply Depot  
  62  5:05  SCV x2, Raven, Marine x2  
  68  5:08  Supply Depot  
  68  5:17  SCV x2  
  70  5:21  Siege Tank  
  70  5:23  Supply Depot  
  70  5:24  Marine x2  
  75  5:29  SCV x2  
  75  5:32  Refinery, Supply Depot  
  77  5:41  SCV x2  
  79  5:53  SCV x2  
  79  5:57  Siege Tank  
  84  5:58  Supply Depot  
  84  6:00  Barracks, Marine, Stimpack  
  84  6:01  Barracks  
  84  6:03  Viking x2  
  89  6:12  SCV  
  89  6:13  SCV  
  89  6:17  Marine  
  86  6:28  SCV x2  
  86  6:29  Siege Tank, Orbital Command  
  91  6:33  Viking x2  
  91  6:35  Marine  
  96  6:43  SCV x2  
  98  6:48  Engineering Bay x2  
  98  6:50  Supply Depot  
  98  6:51  Orbital Command  
  98  6:53  Marine  
  99  6:55  SCV x2  
  99  6:59  Barracks Reactor x2  
  99  7:01  Siege Tank  
  104  7:05  Viking  
  104  7:08  SCV x2  
  108  7:11  Marine  
  108  7:15  Terran Infantry Weapons Level 1  
  109  7:17  Barracks  
  109  7:18  SCV, Barracks  
  109  7:20  SCV x2  
  112  7:29  Marine, Refinery  
  113  7:30  SCV  
  113  7:31  Refinery  
  113  7:32  SCV x2  
  113  7:33  Viking  
  113  7:35  Viking  
  118  7:41  Marine  
  118  7:42  SCV  
  114  7:44  SCV x2  
  114  7:46  Marine  
  114  7:55  SCV  
  114  7:56  SCV  
  113  7:59  SCV  
  113  8:00  Siege Tank  
  113  8:02  Marine x4  
  113  8:04  Marine  
  122  8:07  SCV  
  122  8:08  SCV  
  122  8:11  SCV, Barracks Reactor x2  
  125  8:17  Supply Depot  
  125  8:19  SCV, Marine  
  126  8:23  Marine  
  127  8:32  Siege Tank, Marine x2  
  117  8:37  SCV  
  117  8:40  Marine  
  108  8:45  SCV x2  
  108  8:47  Marine x2  
  114  8:49  SCV, Marine x5  
  114  8:52  Marine  
  121  8:57  Supply Depot  
  121  9:00  Sensor Tower  
Tags
 
Add a new tag
Caveats
  • Supply blocks, unpowered buildings, or Contaminate may cause inaccurate times.
  • Supply counts are checked every 10 seconds.